 Dungeon Crawl Stone Soup version 0.22.1-1-ga44c0e5 (webtiles) character file.

26826 rabbit the Thaumaturge (level 13, 0/98 HPs)
             Began as a Gnoll Wizard on Oct 15, 2018.
             Was a Follower of Ashenzari.
             Slain by a meliai
             ... wielding a +0 war axe
              (10 damage)
             ... on level 15 of the Dungeon.
             The game lasted 02:06:18 (25485 turns).

rabbit the Thaumaturge (Gnoll Wizard)              Turns: 25485, Time: 02:06:19

Health: 0/98       AC: 11    Str: 10    XL:     13   Next: 28%
Magic:  30/36      EV: 20    Int: 29    God:    Ashenzari [*.....]
Gold:   930        SH:  9    Dex: 17    Spells: 16/33 levels left

rFire    + + .     SeeInvis .   a - +6 rapier (elec)
rCold    . . .     Gourm    .   R - +3 buckler
rNeg     . . .     Faith    .   L - +2 robe {rF+}
rPois    .         Spirit   .   x - +0 helmet
rElec    +         Reflect  .   y - +0 cloak (curse)
rCorr    .         Harm     .   K - +0 pair of gloves
MR       .....                  t - +0 pair of boots
Stlth    ++++......             (no amulet)
HPRegen  0.26/turn              I - ring of the Okapi {rElec rF+ Int+4} (curse)
MPRegen  0.25/turn              P - ring of the Octopus King {MP+9 AC+1 EV+1 Str+1 Int+1 Dex+1} (curse)

@: about to teleport, vulnerable
A: distributed training, fangs 1, strong nose
a: Curse Item, Scrying, Renounce Religion


You were on level 15 of the Dungeon.
You worshipped Ashenzari.
Ashenzari was aware of your devotion.
You were not hungry.

You visited 2 branches of the dungeon, and saw 16 of its levels.

You collected 930 gold pieces.

Inventory:

Hand Weapons
 a - a +6 rapier of electrocution (weapon)
 b - the +4 hand crossbow of Jitatoh {velocity, Str+3 Dex+2}
   (You found it on level 14 of the Dungeon)

   Any bolt fired from it inflicts extra damage.
   It affects your strength (+3).
   It affects your dexterity (+2).
 m - a +0 hunting sling
 G - a +0 hunting sling
Missiles
 f - 413 stones
 s - 4 throwing nets (quivered)
 w - 76 sling bullets
 J - 43 bolts
Armour
 t - a +0 pair of boots (worn)
 x - a +0 helmet (worn)
 y - a cursed +0 cloak (worn)
 F - a +2 shield of protection
 K - a +0 pair of gloves (worn)
 L - a +2 robe of fire resistance (worn)
 N - a +2 cloak
 R - a +3 buckler (worn)
Magical Staves
 S - an uncursed staff of wizardry
Jewellery
 e - an uncursed ring of poison resistance
 q - an uncursed amulet of guardian spirit
 C - a cursed ring of protection from cold
 I - the cursed ring of the Okapi (left hand) {rElec rF+ Int+4}
   (You found it on level 6 of the Dungeon)

   [ring of protection from fire]

   It affects your intelligence (+4).
   It protects you from fire.
   It insulates you from electricity.
   It has a curse placed upon it.
 O - a +6 ring of protection
 P - a cursed ring of the Octopus King (right hand) {MP+9 AC+1 EV+1 Str+1 Int+1 Dex+1}
   (You found it on level 8 of the Dungeon)

   [ring of magical power]

   It affects your AC (+1).
   It affects your evasion (+1).
   It affects your strength (+1).
   It affects your intelligence (+1).
   It affects your dexterity (+1).
   It affects your magic capacity (+9).
   It has a curse placed upon it.
 T - an uncursed amulet of faith
 V - a +2 ring of protection
 W - an uncursed ring of protection from fire
Wands
 M - a wand of flame (34)
 U - a wand of disintegration (10)
 X - a wand of enslavement (13)
Scrolls
 c - a scroll of remove curse
 g - 16 scrolls of identify
 k - a scroll of immolation
 n - 4 scrolls of magic mapping
 o - a scroll of silence {unknown}
 p - a scroll of summoning {unknown}
 r - a scroll of enchant armour
 v - 2 scrolls of blinking
 E - a scroll of holy word {unknown}
 H - a scroll of fog
Potions
 h - a potion of mutation
 i - 3 potions of resistance {unknown}
 l - 2 potions of heal wounds
 u - 2 potions of lignification
 z - 3 potions of might
 A - 4 potions of curing
 B - 3 potions of flight
 D - a potion of brilliance {unknown}
Miscellaneous
 Q - a lightning rod (4/4)
Comestibles
 d - 31 rations


   Skills:
 + Level 8.0 Fighting
 + Level 8.0 Short Blades
 + Level 8.0 Long Blades
 + Level 8.0 Axes
 + Level 8.0 Maces & Flails
 + Level 8.0 Polearms
 + Level 8.0 Staves
 + Level 8.0 Slings
 + Level 8.0 Bows
 + Level 8.0 Crossbows
 + Level 8.0 Throwing
 + Level 8.0 Armour
 + Level 9.3 Dodging
 + Level 9.1 Stealth
 + Level 8.0 Shields
 + Level 8.0 Unarmed Combat
 + Level 10.6 Spellcasting
 + Level 7.0 Conjurations
 + Level 6.6 Hexes
 + Level 6.6 Charms
 + Level 7.0 Summonings
 + Level 6.6 Necromancy
 + Level 7.0 Translocations
 + Level 6.6 Transmutations
 + Level 6.6 Fire Magic
 + Level 6.6 Ice Magic
 + Level 6.6 Air Magic
 + Level 6.6 Earth Magic
 + Level 6.6 Poison Magic
 + Level 8.8 Invocations
 + Level 8.0 Evocations


You had 16 spell levels left.
You knew the following spells:

 Your Spells              Type           Power        Failure   Level  Hunger
a - Magic Dart            Conj           ####         1%          1    None
b - Blink                 Tloc           N/A          1%          2    None
d - Conjure Flame         Conj/Fire      ######..     1%          3    None
e - Mephitic Cloud        Conj/Pois/Air  ######..     1%          3    None
f - Summon Ice Beast      Ice/Summ       ######..     1%          4    None
g - Summon Lightning Spi  Summ/Air       ######..     1%          4    None

Your spell library contained the following spells:

 Spells                   Type           Power        Failure   Level  Hunger
 Flame Tongue             Conj/Fire      #####        1%          1    None
 Summon Small Mammal      Summ           ####         1%          1    None
 Call Imp                 Summ           ######..     1%          2    None
 Slow                     Hex            ######..     1%          2    None
 Throw Flame              Conj/Fire      ######       1%          2    None
 Call Canine Familiar     Summ           ######..     1%          3    None
 Inner Flame              Hex/Fire       ######..     1%          3    None
 Summon Guardian Golem    Hex/Summ       ######..     1%          3    None
 Sticky Flame             Conj/Fire      ######..     1%          4    None
 Fireball                 Conj/Fire      ######....   6%          5    ###....
 Malign Gateway           Summ/Tloc      ######....   85%         7    ######.
 Monstrous Menagerie      Summ           ######....   85%         7    ######.
 Summon Greater Demon     Summ           ######....   85%         7    ######.
 Summon Horrible Things   Summ           ######....   100%        8    #######


Dungeon Overview and Level Annotations

Branches:
Dungeon (15/15)            Temple (1/1) D:6            Lair (0/6) D:10
    Orc (0/2) D:11         Vaults (0/5) D:13
 Depths: D:15

Altars:
Ashenzari
Cheibriados
Dithmenos
Elyvilon
Hepliaklqana
Makhleb
Nemelex Xobeh
Qazlal
Ru
Sif Muna
Trog
Uskayaw
Vehumet
Wu Jian
Xom
Yredelemnul
Zin
The Shining One

Annotations:
D:12 exclusion: obsidian statue


Innate Abilities, Weirdness & Mutations

Your experience applies equally to all skills.
You have very sharp teeth.
Your uncanny sense of smell can sniff out nearby items.


Message History

The meliai stings you but does no damage.
A slime creature comes into view.
The slime creature quivers.
You block the meliai's attack.
The meliai stings you but does no damage.
The meliai barely misses you. You block the meliai's attack. x2
The meliai stings you.
* * * LOW HITPOINT WARNING * * *
The slime creature moves out of view.
A slime creature comes into view.
As you read the scroll of teleportation, it crumbles to dust.
You feel strangely unstable. The meliai hits you but does no damage.
The meliai stings you.
* * * LOW HITPOINT WARNING * * *
The meliai hits you but does no damage. The meliai barely misses you.
A slime creature comes into view.
The meliai hits you with a war axe.
* * * LOW HITPOINT WARNING * * *
You block the meliai's attack. The meliai hits you with a war axe!
You die... #....O #. #.# ## #..O## ..###.# J## #... .....# ...# .OW. ....# JJ.

..... #..####'#
#+##
###..##...#####
#..............
#.....y@.......
#.....y....<...
#.....D........
##.............
#.............
#..............
#..............
#.../..........


You could see a four-headed hydra, 3 slime creatures and 2 meliai.

Vanquished Creatures
  Harold (D:7)
  A hydra (D:8)
  A two-headed ogre (D:11)
  Urug (D:10)
  A skeletal warrior (D:13)
  3 unseen horrors
  Pikel (D:7)
  2 orc sorcerers (D:7)
  3 centaur zombies
  2 kobold demonologists
  A komodo dragon (D:10)
  2 wyverns
  Eustachio (D:4)
  A hungry ghost (D:11)
  A soldier ant (D:8)
  4 phantoms
  4 orc warriors
  2 sky beasts
  A slave (D:7)
  A black bear (D:9)
  2 ogres
  3 centaurs
  2 big kobolds
  7 bullfrogs
  A scorpion (D:11)
  A wyvern skeleton (D:13)
  4 wights
  2 howler monkeys
  5 crimson imps
  A quasit (D:8)
  6 hounds
  2 centaur skeletons (D:10)
  4 orc priests
  2 jellies
  3 orc wizards
  A bullfrog skeleton (D:4)
  Ijyb (D:4)
  2 iguanas
  8 worker ants
  A killer bee zombie (D:10)
  A hound zombie (D:8)
  3 hound skeletons
  A howler monkey zombie (D:9)
  12 adders
  A howler monkey skeleton (D:11)
  A river rat (D:4)
  3 shadow imps
  An ooze (D:1)
  5 adder skeletons
  3 worms
  3 dart slugs
  5 leopard geckos
  14 orcs
  2 ball pythons
  5 giant cockroaches
  15 hobgoblins
  13 jackals
  4 quokkas
  7 bats
  2 frilled lizards
  11 goblins
  12 kobolds
  A quokka skeleton (D:8)
  5 rats
222 creatures vanquished.

Vanquished Creatures (collateral kills)
  Rupert (D:13)
  2 hydras
  3 centaur warriors
  An ogre mage (D:15)
  7 two-headed ogres
  A death knight (D:15)
  A tengu warrior (D:14)
  3 spriggan berserkers (D:14)
  A skeletal warrior (D:13)
  A wizard (D:14)
  A harpy (shapeshifter) (D:12)
  An orc knight (D:13)
  4 manticores
  A cyclops (D:13)
  A centaur zombie (D:11)
  A guardian serpent (shapeshifter) (D:11)
  2 gargoyles (D:11)
  A komodo dragon (D:14)
  5 trolls
  4 hippogriffs
  A slime creature (D:12)
  A shadow (D:12)
  8 wyverns
  2 wraiths
  15 humans (D:13)
  2 hungry ghosts
  A golden eye (shapeshifter) (D:13)
  A vampire mosquito (D:13)
  2 basilisks
  An acid dragon (D:12)
  A water moccasin (D:12)
  A swamp drake (D:10)
  3 orc warriors
  A sky beast (D:11)
  4 ice beasts
  8 ogres
  An eye of draining (D:13)
  2 necrophages
  3 boggarts (D:11)
  6 centaurs
  3 big kobolds
  8 bullfrogs
  A scorpion (D:9)
  4 killer bees (D:10)
  11 wights
  A howler monkey (D:11)
  2 crimson imps
  A quasit (D:12)
  3 jellies
  A centaur skeleton (D:9)
  4 orc wizards
  2 orc priests
  5 iguanas
  6 worker ants
  A hound zombie (D:9)
  4 gnolls (D:13)
  6 adders
  A shadow imp (D:13)
  A leopard gecko (D:11)
  20 orcs
  4 goblins (D:13)
  6 jackals
  10 kobolds
  A quokka (D:12)
212 creatures vanquished.

Vanquished Creatures (others)
  A boggart (D:11)
1 creature vanquished.

Grand Total: 435 creatures vanquished

Notes
Turn   | Place    | Note
-------+----------+-------------------------------------------
     0 | D:1      | rabbit the Gnoll Wizard began the quest for the Orb.
     0 | D:1      | Reached XP level 1. HP: 13/13 MP: 8/8
   206 | D:1      | Reached XP level 2. HP: 6/19 MP: 6/10
   210 | D:1      | Learned a level 2 spell: Blink
   213 | D:1      | Learned a level 2 spell: Call Imp
   894 | D:1      | Reached XP level 3. HP: 25/25 MP: 8/11
   899 | D:1      | Learned a level 3 spell: Conjure Flame
   903 | D:1      | Learned a level 3 spell: Mephitic Cloud
  1246 | D:2      | Found a glowing silver altar of Zin.
  1374 | D:2      | Reached skill level 1 in Invocations
  1510 | D:2      | Found a faded altar of an unknown god.
  1676 | D:2      | Reached skill level 1 in Fighting
  1676 | D:2      | Reached skill level 1 in Short Blades
  1676 | D:2      | Reached skill level 1 in Long Blades
  1676 | D:2      | Reached skill level 1 in Axes
  1676 | D:2      | Reached skill level 1 in Maces & Flails
  1676 | D:2      | Reached skill level 1 in Polearms
  1676 | D:2      | Reached skill level 1 in Staves
  1676 | D:2      | Reached skill level 1 in Slings
  1676 | D:2      | Reached skill level 1 in Bows
  1676 | D:2      | Reached skill level 1 in Crossbows
  1676 | D:2      | Reached skill level 1 in Throwing
  1676 | D:2      | Reached skill level 1 in Armour
  1676 | D:2      | Reached skill level 1 in Shields
  1676 | D:2      | Reached skill level 1 in Unarmed Combat
  1676 | D:2      | Reached skill level 1 in Evocations
  1823 | D:2      | Reached XP level 4. HP: 32/32 MP: 9/13
  1993 | D:2      | Found a glowing golden altar of the Shining One.
  2659 | D:3      | Reached skill level 1 in Hexes
  2659 | D:3      | Reached skill level 1 in Charms
  2659 | D:3      | Reached skill level 1 in Necromancy
  2659 | D:3      | Reached skill level 1 in Transmutations
  2659 | D:3      | Reached skill level 1 in Fire Magic
  2659 | D:3      | Reached skill level 1 in Ice Magic
  2659 | D:3      | Reached skill level 1 in Air Magic
  2659 | D:3      | Reached skill level 1 in Earth Magic
  2659 | D:3      | Reached skill level 1 in Poison Magic
  2904 | D:4      | Noticed a phantom
  3011 | D:4      | Reached XP level 5. HP: 34/37 MP: 6/14
  4056 | D:4      | Killed a phantom
  4056 | D:4      | Reached XP level 6. HP: 26/44 MP: 16/16
  4499 | D:4      | Found a snail-covered altar of Cheibriados.
  4606 | D:4      | Reached skill level 5 in Dodging
  4732 | D:5      | Entered Level 5 of the Dungeon
  4912 | D:5      | Noticed Ijyb
  5080 | D:4      | Killed Ijyb
  5080 | D:4      | Reached XP level 7. HP: 39/50 MP: 11/18
  5233 | D:5      | Noticed Eustachio
  5301 | D:4      | Killed Eustachio
  5551 | D:5      | Reached skill level 5 in Stealth
  5696 | D:5      | Found a radiant altar of Vehumet.
  5699 | D:5      | Found a basalt altar of Yredelemnul.
  5702 | D:5      | Found a sacrificial altar of Ru.
  6108 | D:6      | Found a staircase to the Ecumenical Temple.
  6116 | D:6      | Reached XP level 8. HP: 57/57 MP: 19/19
  6127 | Temple   | Entered the Ecumenical Temple
  6168 | Temple   | Became a worshipper of Ashenzari the Shackled
  6196 | D:6      | Identified the ring of the Okapi {rElec rF+ Int+4}
  7009 | D:7      | Found a snail-covered altar of Cheibriados.
  7154 | D:7      | Noticed an orc sorcerer
  7157 | D:7      | Noticed an orc sorcerer
  7168 | D:7      | Noticed a sixfirhy
  7372 | D:7      | Paralysed by an orc sorcerer for 6 turns
  7374 | D:7      | Noticed an orange demon
  7375 | D:7      | Noticed a rust devil
  7509 | D:7      | Found a shattered altar of Ashenzari.
  7795 | D:7      | Noticed Harold
  7802 | D:7      | Noticed a red devil
  7900 | D:7      | Paralysed by an orc sorcerer for 6 turns
  7908 | D:7      | Killed an orc sorcerer
  7908 | D:7      | Reached skill level 8 in Spellcasting
  8115 | D:7      | Killed Harold
  8115 | D:7      | Reached XP level 9. HP: 36/65 MP: 19/21
  8618 | D:8      | Found a burning altar of Makhleb.
  8620 | D:8      | Noticed a green death
  8857 | D:8      | Reached skill level 5 in Invocations
  9148 | D:7      | Killed an orc sorcerer
  9148 | D:7      | Reached XP level 10. HP: 73/73 MP: 20/22
  9176 | D:7      | Noticed Pikel
  9190 | D:7      | Killed Pikel
  9256 | D:8      | Reached skill level 5 in Fighting
  9256 | D:8      | Reached skill level 5 in Short Blades
  9256 | D:8      | Reached skill level 5 in Long Blades
  9256 | D:8      | Reached skill level 5 in Axes
  9256 | D:8      | Reached skill level 5 in Maces & Flails
  9256 | D:8      | Reached skill level 5 in Polearms
  9256 | D:8      | Reached skill level 5 in Staves
  9256 | D:8      | Reached skill level 5 in Slings
  9256 | D:8      | Reached skill level 5 in Bows
  9256 | D:8      | Reached skill level 5 in Crossbows
  9256 | D:8      | Reached skill level 5 in Throwing
  9256 | D:8      | Reached skill level 5 in Armour
  9256 | D:8      | Reached skill level 5 in Shields
  9256 | D:8      | Reached skill level 5 in Unarmed Combat
  9256 | D:8      | Reached skill level 5 in Evocations
  9438 | D:8      | Noticed a kobold demonologist
  9449 | D:8      | Killed a kobold demonologist
  9707 | D:8      | Reached skill level 9 in Spellcasting
  9873 | D:8      | Noticed an eye of devastation
 10073 | D:8      | Noticed a seven-headed hydra
 10089 | D:8      | Found the ring of the Octopus King {MP+9 AC+1 EV+1 Str+1
                  | Int+1 Dex+1}
 10089 | D:8      | Found the ring of the Octopus King {MP+9 AC+1 EV+1 Str+1
                  | Int+1 Dex+1}
 10328 | D:8      | Killed a seven-headed hydra
 10328 | D:8      | Reached skill level 5 in Conjurations
 10328 | D:8      | Reached skill level 5 in Summonings
 10328 | D:8      | Reached skill level 5 in Translocations
 11361 | D:9      | Learned a level 4 spell: Summon Ice Beast
 11366 | D:9      | Learned a level 4 spell: Summon Lightning Spire
 11792 | D:9      | Reached XP level 11. HP: 81/81 MP: 24/24
 12265 | D:10     | Entered Level 10 of the Dungeon
 12814 | D:10     | Noticed Urug
 12847 | D:10     | Killed Urug
 13122 | D:10     | Reached skill level 5 in Hexes
 13122 | D:10     | Reached skill level 5 in Charms
 13122 | D:10     | Reached skill level 5 in Necromancy
 13122 | D:10     | Reached skill level 5 in Transmutations
 13122 | D:10     | Reached skill level 5 in Fire Magic
 13122 | D:10     | Reached skill level 5 in Ice Magic
 13122 | D:10     | Reached skill level 5 in Air Magic
 13122 | D:10     | Reached skill level 5 in Earth Magic
 13122 | D:10     | Reached skill level 5 in Poison Magic
 13634 | D:10     | Found a staircase to the Lair.
 14327 | D:11     | Noticed a two-headed ogre
 14329 | D:11     | Killed a two-headed ogre
 14508 | D:11     | Found a runed door.
 14763 | D:11     | Found a staircase to the Orcish Mines.
 15050 | D:11     | Noticed a centaur warrior
 15375 | D:11     | Noticed a manticore
 15395 | D:11     | Killed a manticore
 15508 | D:11     | Found a runed door.
 15560 | D:11     | Noticed a two-headed ogre
 15679 | D:11     | Noticed a manticore
 15679 | D:11     | a komodo dragon changed into a manticore
 15686 | D:11     | a manticore changed into a guardian serpent
 15874 | D:11     | Noticed a centaur warrior
 15981 | D:11     | Killed a centaur warrior
 16109 | D:11     | Killed a two-headed ogre
 16564 | D:11     | Noticed a centaur warrior
 16569 | D:11     | Killed a centaur warrior
 17487 | D:12     | Reached * piety under Ashenzari
 17487 | D:12     | Noticed an obsidian statue
 17575 | D:12     | Reached XP level 12. HP: 89/89 MP: 25/25
 17813 | D:13     | Noticed a two-headed ogre
 18127 | D:13     | Killed a two-headed ogre
 18340 | D:13     | Reached skill level 10 in Spellcasting
 19208 | D:13     | Noticed a seven-headed hydra
 19248 | D:13     | Killed a seven-headed hydra
 19450 | D:13     | Noticed a centaur warrior
 19483 | D:13     | Killed a centaur warrior
 20471 | D:13     | Noticed Rupert
 20505 | D:13     | Killed Rupert
 20565 | D:13     | Found a gate to the Vaults.
 21367 | D:14     | Noticed a tengu warrior
 21394 | D:14     | Killed a tengu warrior
 21489 | D:14     | Got the hand crossbow of Jitatoh {velocity, Str+3 Dex+2}
 21490 | D:14     | Identified the +4 hand crossbow of Jitatoh {velocity, Str+3
                  | Dex+2} (You found it on level 14 of the Dungeon)
 22113 | D:12     | Noticed a two-headed ogre
 22267 | D:12     | Killed a two-headed ogre
 22409 | D:12     | Noticed a five-headed hydra
 22431 | D:12     | Killed a five-headed hydra
 22947 | D:12     | Reached XP level 13. HP: 76/98 MP: 27/27
 24514 | D:14     | Found the +8 Wrath of Trog {antimagic, *Rage}
 25079 | D:15     | Entered Level 15 of the Dungeon
 25158 | D:15     | Found a shadowy altar of Dithmenos.
 25485 | D:15     | Slain by a meliai

Skill      XL: |  1  2  3  4  5  6  7  8  9 10 11 12 13 |
---------------+----------------------------------------+-----
Conjurations   | 2 3 4 5 6 7 |  7.0
Summonings     | 2 3 4 5 6 7 |  7.0
Translocations | 2 3 4 5 6 7 |  7.0
Invocations    | 1 2 3 4 5 6 7 8 |  8.8
Fighting       | 1 2 4 5 6 7 8 |  8.0
Short Blades   | 1 2 4 5 6 7 8 |  8.0
Long Blades    | 1 2 4 5 6 7 8 |  8.0
Axes           | 1 2 4 5 6 7 8 |  8.0
Maces & Flails | 1 2 4 5 6 7 8 |  8.0
Polearms       | 1 2 4 5 6 7 8 |  8.0
Staves         | 1 2 4 5 6 7 8 |  8.0
Slings         | 1 2 4 5 6 7 8 |  8.0
Bows           | 1 2 4 5 6 7 8 |  8.0
Crossbows      | 1 2 4 5 6 7 8 |  8.0
Throwing       | 1 2 4 5 6 7 8 |  8.0
Armour         | 1 2 4 5 6 7 8 |  8.0
Shields        | 1 2 4 5 6 7 8 |  8.0
Unarmed Combat | 1 2 4 5 6 7 8 |  8.0
Evocations     | 1 2 4 5 6 7 8 |  8.0
Hexes          | 1 2 3 4 5 6 |  6.6
Charms         | 1 2 3 4 5 6 |  6.6
Necromancy     | 1 2 3 4 5 6 |  6.6
Transmutations | 1 2 3 4 5 6 |  6.6
Fire Magic     | 1 2 3 4 5 6 |  6.6
Ice Magic      | 1 2 3 4 5 6 |  6.6
Air Magic      | 1 2 3 4 5 6 |  6.6
Earth Magic    | 1 2 3 4 5 6 |  6.6
Poison Magic   | 1 2 3 4 5 6 |  6.6
Dodging        | 5 6 7 8 9 |  9.3
Stealth        | 5 6 7 8 9 |  9.1
Spellcasting   | 8 9 10 | 10.6

Action                   |  1- 3 |  4- 6 |  7- 9 | 10-12 | 13-15 || total
-------------------------+-------+-------+-------+-------+-------++-------
Melee: Spear             |     9 |       |       |       |       ||     9
       Short sword       |    35 |    13 |    11 |       |       ||    59
       Bite              |     3 |     1 |     9 |    10 |       ||    23
       Rapier            |       |       |    83 |   157 |    10 ||   250
       Punch             |       |       |     1 |     2 |       ||     3
 Fire: Hunting sling     |       |   160 |    41 |    29 |       ||   230
       Hand crossbow     |       |       |       |     2 |       ||     2
 Cast: Magic Dart        |    52 |    81 |    76 |   151 |       ||   360
       Mephitic Cloud    |       |    19 |    23 |    16 |       ||    58
       Blink             |       |    13 |    15 |    28 |       ||    56
       Call Imp          |       |     1 |     7 |       |       ||     8
       Conjure Flame     |       |       |     6 |    14 |       ||    20
       Summon Lightning  |       |       |       |   153 |    16 ||   169
       Summon Ice Beast  |       |       |       |    90 |    41 ||   131
Invok: Curse Item        |       |       |     1 |     1 |       ||     2
  Use: Scroll            |       |     1 |       |    28 |     4 ||    33
 Stab: Sleeping          |    15 |     4 |     5 |    14 |       ||    38
       Confused          |       |     2 |     8 |     8 |       ||    18
       Distracted        |       |       |     1 |     1 |       ||     2
  Eat: Chunk             |     3 |     9 |    12 |    28 |       ||    52
       Ration            |       |       |       |     4 |     3 ||     7
Armor: Robe              |     7 |    16 |    30 |    64 |    22 ||   139
Dodge: Dodged            |    34 |    68 |   108 |   243 |    59 ||   512
Block: Buckler           |       |       |       |    68 |    57 ||   125
